Map: Taito Citadel LE

Players

HoldTheDoor

  • Race: Protoss Protoss
  • League: Diamond
  • Spawn Location: 11:00

SKelevra - Winner!

  • Race: Zerg Zerg
  • League: Diamond
  • Spawn Location: 5:00

VOD

Have the link to the VOD?

Description

Time

  • Played on: May 1, 2026, 12:52 p.m.
  • Length: 5:31
Show
View Real Time Build Order
Export as new Build Order

HoldTheDoor Protoss 

Build Orders:  

Get SALT Encoding   

  12  0:00  Probe  
  13  0:12  Probe  
  14  0:17  Pylon  
  14  0:24  Probe  
  15  0:37  Forge  
  15  0:40  Probe  
  16  0:56  Pylon  
  16  0:59  Probe  
  17  1:11  Probe  
  18  1:17  Photon Cannon  
  18  1:18  Gateway  
  18  1:26  Pylon  
  18  1:37  Photon Cannon  
  18  1:41  Pylon  
  18  1:53  Probe  
  18  1:54  Assimilator  
  19  1:55  Assimilator  
  19  2:01  Photon Cannon  
  19  2:11  Cybernetics Core  
  19  2:17  Photon Cannon  
  19  2:20  Cybernetics Core  
  19  2:24  Probe  
  20  2:31  Zealot  
  20  2:32  Probe  
  23  2:45  Pylon  
  23  2:51  Probe  
  24  3:02  Stargate  
  24  3:09  Adept  
  26  3:22  Shield Battery  
  26  3:25  Shield Battery  
  26  3:31  Shield Battery  
  26  3:48  Void Ray  
  26  3:55  Stalker  
  30  4:08  Shield Battery  
  30  4:18  Photon Cannon  
  30  4:43  Void Ray  
  34  4:58  Shield Battery  
  34  5:14  Probe  
Show
View Real Time Build Order
Export as new Build Order

SKelevra Zerg - Winner!

Build Orders: Hatch First 

Get SALT Encoding   

  12  0:01  Drone  
  13  0:11  Drone  
  14  0:18  Overlord  
  14  0:37  Drone x3  
  17  0:52  Drone  
  18  1:02  Drone  
  19  1:14  Hatchery  
  18  1:18  Extractor  
  18  1:19  Spawning Pool  
  18  1:20  Drone  
  17  1:28  Drone  
  18  1:38  Drone  
  19  1:46  Drone  
  19  1:55  Drone  
  20  2:04  Overlord  
  20  2:09  Queen  
  20  2:10  Spine Crawler x2  
  20  2:17  Drone  
  21  2:25  Roach Warren  
  21  2:26  Drone  
  21  2:42  Drone  
  22  2:59  Hatchery  
  22  3:02  Drone x3  
  24  3:19  Roach  
  26  3:30  Roach  
  26  3:31  Roach x2  
  35  3:41  Roach x2  
  35  3:52  Drone  
  35  3:55  Ravager  
  35  4:06  Drone  
  36  4:10  Queen  
  40  4:17  Roach  
  40  4:18  Queen  
  40  4:21  Overlord  
  40  4:22  Overlord  
  42  4:28  Overlord x2  
  42  4:31  Spore Crawler  
  42  4:33  Spore Crawler  
  40  4:41  Drone x2  
  40  4:45  Roach  
  44  4:59  Drone  
  46  5:00  Drone x3  
  48  5:07  Spore Crawler  
  48  5:08  Roach, Spine Crawler  
Tags
 
Add a new tag
Caveats
  • Supply blocks, unpowered buildings, or Contaminate may cause inaccurate times.
  • Supply counts are checked every 10 seconds.